Knights vs Demolitions

Created - January 27, 2020 at 21:12

Goals
1 2 3 OT1 SO T
Knights 0 1 2 0 2 3
Demolitions 1 2 0 0 3 4
Shots
1 2 3 OT1 SO T
Knights 10 14 14 4 3 42
Demolitions 16 14 7 2 3 39

1st period

1. Demolitions , Max Friberg 12 (Ryan Pulock 8, Nikita Tryamkin 8) at 10:37

Penalties :
Spencer Machacek (Vic) for Elbowing (Minor) at 16:40

2nd period

2. Demolitions , Spencer Machacek 24 (Daultan Leveillé 31, Taylor Beck 18) at 2:27
3. Knights , Jordan Martinook 14 (Miro Aaltonen 21, Linden Vey 17) at 13:00
4. Demolitions , Dennis Everberg 17 (Joshua Leivo 11, Andrej Nestrasil 15) at 13:50

Penalties :
No Penalty

3rd period

5. Knights , Nikolaj Ehlers 14 (Kevin Hayes 1, Jaccob Slavin 20) at 3:44
6. Knights , Noel Acciari 8 (Jonathan Huberdeau 14, Kevin Hayes 2) at 4:22 (PP)

Penalties :
Spencer Machacek (Vic) for Diving (Minor) at 4:06, Brendan Gaunce (Lon) for Slashing (Minor) at 15:02

Overtime #1

No Goal

Penalties :
No Penalty

Shootout

Knights, Nathan Walker - Goal!
Demolitions, Spencer Machacek - Goal!
Knights, Ryan Strome - Shot Misses the Net
Demolitions, Taylor Beck - Goal!
Knights, Miro Aaltonen - Goal!
Demolitions, J.T. Brown - Goal!

Penalties :
No Penalty

Goalie Stats

Magnus Hellberg (Lon), 36 saves from 39 shots - (0.923), OTL, 16-12-4, 65:00 minutes
Alex Stalock (Vic), 39 saves from 42 shots - (0.929), W, 6-2-1, 65:00 minutes

Players Stats for Knights

Player Name              G  A  P  +/- PIM S  H  SB GA TA FO     MP     PP MP  PK MP  
------------------------------------------------------------------------------------
Brendan Gaunce           0  0  0   1  2   2  0  0  0  0  2/8    16:06   0:00   0:00 
Collin Miller            0  0  0  -1  0   4  1  1  0  0  0/0    22:16   0:50   0:50 
Jaccob Slavin            0  1  1   0  0   7  1  2  1  0  0/0    30:02   1:25   0:22 
Jonathan Huberdeau       0  1  1  -1  0   4  1  1  2  0  3/4    24:04   1:20   0:49 
Jordan Martinook         1  0  1  -1  0   1  2  0  0  0  0/0    14:32   0:00   0:54 
Josh Morrissey           0  0  0  -1  0   0  4  2  0  0  0/0    25:50   1:25   1:04 
Kevin Hayes              0  2  2   1  0   5  4  0  0  0  1/2    19:08   1:20   0:40 
Linden Vey               0  1  1  -1  0   1  1  0  0  0  0/1    13:30   0:04   0:00 
Ludwig Bystrom           0  0  0   0  0   0  2  0  0  0  0/0    13:41   0:00   0:33 
Matthew Benning          0  0  0   0  0   1  2  1  0  0  0/0    13:08   0:00   0:00 
Michael Matheson         0  0  0   0  0   1  1  1  0  1  0/0    25:03   0:50   1:09 
Miro Aaltonen            0  1  1  -1  0   4  2  0  0  0  2/3    13:53   0:55   0:41 
Nathan Walker            0  0  0   0  0   2  1  0  0  0  0/0     8:15   0:00   0:00 
Nicolas Petan            0  0  0   0  0   1  0  0  0  0  2/3     8:15   0:00   0:00 
Nikolaj Ehlers           1  0  1   1  0   1  0  0  0  0  1/1    16:08   0:55   0:00 
Noel Acciari             1  0  1  -1  0   3  1  0  1  0  15/33  24:06   1:20   0:54 
Ryan Strome              0  0  0  -1  0   2  2  1  3  0  0/3    21:48   0:51   0:00 
Vince Hinostroza         0  0  0   0  0   3  0  0  1  0  0/0     8:15   0:00   0:00 

Players Stats for Demolitions

Player Name              G  A  P  +/- PIM S  H  SB GA TA FO     MP     PP MP  PK MP  
------------------------------------------------------------------------------------
Aaron Palushaj           0  0  0   0  0   0  0  0  0  0  0/0     1:12   0:00   0:00 
Alex Hutchings           0  0  0   0  0   0  0  0  0  0  0/0     0:54   0:00   0:45 
Andrej Nestrasil         0  1  1  -2  0   4  2  0  0  0  4/7    17:03   1:00   0:12 
Christoph Bertschy       0  0  0   1  0   0  1  0  0  0  1/1     8:12   0:00   0:56 
Colton Sceviour          0  0  0   0  0   0  0  0  0  0  0/0     0:00   0:00   0:00 
Daultan Leveillé         0  1  1   1  0   2  3  1  0  1  17/28  21:50   0:59   0:00 
Dennis Everberg          1  0  1   1  0   3  0  1  0  1  1/1    12:31   0:00   0:00 
J.T. Brown               0  0  0  -2  0   3  1  1  0  0  2/2    18:15   1:00   0:00 
Jake Muzzin              0  0  0   1  0   4  4  0  0  0  0/0    27:22   1:02   1:23 
Jared Staal              0  0  0   0  0   1  1  0  0  0  0/2     2:12   0:00   1:07 
Joshua Leivo             0  1  1   1  0   3  0  0  0  0  0/1    12:31   0:00   0:00 
Kerby Rychel             0  0  0   1  0   0  1  0  0  0  0/0     7:16   0:00   0:00 
Lane MacDermid           0  0  0  -2  0   0  2  0  0  0  0/1    17:06   1:00   0:15 
Max Friberg              1  0  1   1  0   1  1  0  0  0  0/0     7:25   0:00   0:00 
Michael Prapavessis      0  0  0  -1  0   0  0  0  0  0  0/0    15:42   0:00   0:00 
Mitch Callahan           0  0  0   0  0   0  0  0  0  0  0/0     0:00   0:00   0:00 
Nikita Tryamkin          0  1  1   1  0   0  2  2  0  1  0/0    21:56   0:57   0:52 
Phil Di Giuseppe         0  0  0   0  0   1  0  0  0  0  0/0     1:32   0:00   0:00 
Phil McRae               0  0  0   1  0   0  3  1  0  1  3/7    12:31   0:00   0:00 
Robert Bortuzzo          0  0  0   1  0   6  1  1  1  0  0/0    27:22   1:02   1:23 
Ryan Pulock              0  1  1   1  0   0  2  3  0  1  0/0    21:56   0:57   0:52 
Spencer Machacek         1  0  1   1  4   7  3  0  0  2  4/5    22:56   0:59   0:00 
Taylor Beck              0  1  1   1  0   4  1  0  0  1  0/3    24:17   0:59   1:15 
Tommy Vannelli           0  0  0  -1  0   0  0  0  0  0  0/0    15:42   0:00   0:00 
Tyler Graovac            0  0  0   0  0   0  0  0  0  0  0/0     0:00   0:00   0:00 

3 Stars

1 - Kevin Hayes (Lon)
2 - Max Friberg (Vic)
3 - Dennis Everberg (Vic)

Power Play

Knights - 1 on 2 Attempt(s) - 50.00%
Demolitions - 0 on 1 Attempt(s) - 0.00%

Penalty Kill

Knights - 1 on 1 Attempt(s) - 100.00% - Score 0 goal in Penalty Kill
Demolitions - 1 on 2 Attempt(s) - 50.00% - Score 0 goal in Penalty Kill

Team Stat

Knights - Hits : 25 - Faceoff Wins : 26 - Blocked Shots : 9 - Penalty Minutes : 2
Demolitions - Hits : 28 - Faceoff Wins : 32 - Blocked Shots : 10 - Penalty Minutes : 4

Official

Referees : Unknown
Linesman : Unknown

Game Notes

No Game Note

Finance

Level 1 -- Attendance: 2000 (100.00%) -- Ticket Income $26,000
Level 2 -- Attendance: 1000 (100.00%) -- Ticket Income $2,000
Total Attendance: 3000 (100.00%)
Total Ticket Income: $28,000
Other Income: $1,400
Total Income: $29,400

Knights

5 vs 5 Forward 
   Center                   Left Wing                Right Wing               Time % Phy DF OF 
 1 Noel Acciari             Jonathan Huberdeau       Ryan Strome              40     1   2  2  
 2 Brendan Gaunce           Nikolaj Ehlers           Kevin Hayes              30     0   2  3  
 3 Miro Aaltonen            Jordan Martinook         Linden Vey               20     0   2  3  
 4 Nicolas Petan            Nathan Walker            Vince Hinostroza         10     0   2  3  

5 vs 5 Defense 
   Defense                  Defense                                           Time % Phy DF OF 
 1 Jaccob Slavin            Michael Matheson                                  40     1   2  2  
 2 Collin Miller            Josh Morrissey                                    30     1   2  2  
 3 Matthew Benning          Ludwig Bystrom                                    20     1   2  2  
 4 Josh Morrissey           Jaccob Slavin                                     10     1   2  2  

PowerPlay Forward 
   Center                   Left Wing                Right Wing               Time % Phy DF OF 
 1 Noel Acciari             Jonathan Huberdeau       Kevin Hayes              60     0   1  4  
 2 Miro Aaltonen            Nikolaj Ehlers           Ryan Strome              40     0   1  4  

PowerPlay Defense
   Defense                  Defense                                           Time % Phy DF OF 
 1 Jaccob Slavin            Josh Morrissey                                    60     0   1  4  
 2 Michael Matheson         Collin Miller                                     40     0   1  4  

Penalty Kill 4 Players Forward 
   Center                   Wing                     Time % Phy DF OF 
 1 Noel Acciari             Jordan Martinook         60     1   3  1  
 2 Brendan Gaunce           Kevin Hayes              40     1   3  1  

Penalty Kill 4 Players Defense
   Defense                  Defense                  Time % Phy DF OF 
 1 Michael Matheson         Josh Morrissey           60     1   3  1  
 2 Josh Morrissey           Collin Miller            40     1   3  1  

Penalty Kill - 3 Players Forward 
   Forward                                           Time % Phy DF OF 
 1 Noel Acciari                                      60     0   4  1  
 2 Kevin Hayes                                       40     0   4  1  

Penalty Kill - 3 Players Defense
   Defense                  Defense                  Time % Phy DF OF 
 1 Jaccob Slavin            Josh Morrissey           60     1   3  1  
 2 Michael Matheson         Collin Miller            40     1   3  1  

4 vs 4 Forward 
   Center                   Wing                     Time % Phy DF OF 
 1 Noel Acciari             Jonathan Huberdeau       60     1   2  2  
 2 Ryan Strome              Kevin Hayes              40     1   2  2  

4 vs 4 Defense
   Defense                  Defense                  Time % Phy DF OF 
 1 Josh Morrissey           Jaccob Slavin            60     1   2  2  
 2 Michael Matheson         Collin Miller            40     1   2  2  

Last Minutes Offensive
   Center                   Left Wing                Right Wing               Defense                  Defense                  
   Noel Acciari             Jonathan Huberdeau       Kevin Hayes              Michael Matheson         Jaccob Slavin            

Last Minutes Defensive
   Center                   Left Wing                Right Wing               Defense                  Defense                  
   Noel Acciari             Jordan Martinook         Kevin Hayes              Jaccob Slavin            Michael Matheson         

Goaltenders
Starting : Magnus Hellberg          
Backup : Elvis Merzlikins         

Extra Forwards
Normal : Jordan Martinook, Linden Vey, Kevin Hayes - PP : Linden Vey, Kevin Hayes - PK : Kevin Hayes
Extra Defensemen
Normal : Jaccob Slavin, Michael Matheson, Collin Miller - PP : Michael Matheson - PK : Ludwig Bystrom, Michael Matheson
Penalty Shots
Nathan Walker, Ryan Strome, Miro Aaltonen, Kevin Hayes, Linden Vey

Scratches
Zach Nastasiuk (Healthy), Nicklas Jensen (Healthy), Alan Quine (Healthy), David Shields (Healthy), Trevor Moore (Healthy)
Scott Wilson (Healthy), Curtis Valk (Healthy), Anthony Louis (Healthy), Travis Boyd (Healthy), Fredrik Claesson (Healthy)
Mackenzie MacEachern (Healthy), Jayce Hawryluk (Healthy), Nikolay Goldobin (Healthy), Kevin Fiala (Healthy), A.J. Jenks (Healthy)
Ryan Collins (Healthy), William Lagesson (Healthy), Eamon McAdam (Healthy), Philippe Desrosiers (Healthy), Ville Husso (Healthy)

Demolitions

5 vs 5 Forward 
   Center                   Left Wing                Right Wing               Time % Phy DF OF 
 1 Daultan Leveillé         Taylor Beck              Spencer Machacek         40     1   2  2  
 2 Andrej Nestrasil         Lane MacDermid           J.T. Brown               30     1   2  2  
 3 Phil McRae               Joshua Leivo             Dennis Everberg          20     1   2  2  
 4 Christoph Bertschy       Kerby Rychel             Max Friberg              10     1   2  2  

5 vs 5 Defense 
   Defense                  Defense                                           Time % Phy DF OF 
 1 Jake Muzzin              Robert Bortuzzo                                   40     1   2  2  
 2 Nikita Tryamkin          Ryan Pulock                                       30     1   2  2  
 3 Tommy Vannelli           Michael Prapavessis                               20     1   2  2  
 4 Jake Muzzin              Robert Bortuzzo                                   10     1   2  2  

PowerPlay Forward 
   Center                   Left Wing                Right Wing               Time % Phy DF OF 
 1 Daultan Leveillé         Taylor Beck              Spencer Machacek         60     1   2  2  
 2 Andrej Nestrasil         Lane MacDermid           J.T. Brown               40     1   2  2  

PowerPlay Defense
   Defense                  Defense                                           Time % Phy DF OF 
 1 Jake Muzzin              Robert Bortuzzo                                   60     1   2  2  
 2 Nikita Tryamkin          Ryan Pulock                                       40     1   2  2  

Penalty Kill 4 Players Forward 
   Center                   Wing                     Time % Phy DF OF 
 1 Spencer Machacek         Taylor Beck              60     1   2  2  
 2 J.T. Brown               Daultan Leveillé         40     1   2  2  

Penalty Kill 4 Players Defense
   Defense                  Defense                  Time % Phy DF OF 
 1 Jake Muzzin              Robert Bortuzzo          60     1   2  2  
 2 Nikita Tryamkin          Ryan Pulock              40     1   2  2  

Penalty Kill - 3 Players Forward 
   Forward                                           Time % Phy DF OF 
 1 Spencer Machacek                                  60     1   2  2  
 2 Taylor Beck                                       40     1   2  2  

Penalty Kill - 3 Players Defense
   Defense                  Defense                  Time % Phy DF OF 
 1 Jake Muzzin              Robert Bortuzzo          60     1   2  2  
 2 Nikita Tryamkin          Ryan Pulock              40     1   2  2  

4 vs 4 Forward 
   Center                   Wing                     Time % Phy DF OF 
 1 Spencer Machacek         Taylor Beck              60     1   2  2  
 2 J.T. Brown               Daultan Leveillé         40     1   2  2  

4 vs 4 Defense
   Defense                  Defense                  Time % Phy DF OF 
 1 Jake Muzzin              Robert Bortuzzo          60     1   2  2  
 2 Nikita Tryamkin          Ryan Pulock              40     1   2  2  

Last Minutes Offensive
   Center                   Left Wing                Right Wing               Defense                  Defense                  
   Daultan Leveillé         Taylor Beck              Spencer Machacek         Jake Muzzin              Robert Bortuzzo          

Last Minutes Defensive
   Center                   Left Wing                Right Wing               Defense                  Defense                  
   Daultan Leveillé         Taylor Beck              Spencer Machacek         Jake Muzzin              Robert Bortuzzo          

Goaltenders
Starting : Alex Stalock             
Backup : Brandon Halverson        

Extra Forwards
Normal : Aaron Palushaj, Phil Di Giuseppe, Jared Staal - PP : Aaron Palushaj, Phil Di Giuseppe - PK : Jared Staal
Extra Defensemen
Normal : Tommy Vannelli, Michael Prapavessis, Nikita Tryamkin - PP : Tommy Vannelli - PK : Michael Prapavessis, Nikita Tryamkin
Penalty Shots
Spencer Machacek, Taylor Beck, J.T. Brown, Daultan Leveillé, Lane MacDermid

Scratches
Thomas DiPauli (Healthy), Taylor Aronson (Broken Right Foot Toe Injury), Taylor Leier (Healthy), Nick Pryor (Healthy), Jaedon Descheneau (Healthy)
Antti Raanta (Healthy), Jake Paterson (Healthy), Francois Tremblay (Healthy)

% Time on Ice - Knights

Lines # - Real PCT - Wanted PCT - Time Play
Normal Forward
1 - 37% - 40% - 20:44
2 - 27% - 30% - 15:13
3 - 21% - 20% - 11:34
4 - 15% - 10% - 8:15
Normal Defense
1 - 37% - 40% - 20:25
2 - 33% - 30% - 18:31
3 - 24% - 20% - 13:08
4 - 7% - 10% - 3:42
PP Forward
1 - 59% - 60% - 1:20
2 - 41% - 40% - 0:55
PP Defense
1 - 63% - 60% - 1:25
2 - 37% - 40% - 0:50
PK Forward
1 - 87% - 60% - 1:43
2 - 13% - 40% - 0:16
PK Defense
1 - 58% - 60% - 1:09
2 - 42% - 40% - 0:50
PK3 Forward
1 - 0% - 60%
2 - 0% - 40%
PK3 Defense
1 - 0% - 60%
2 - 0% - 40%
44 Forward
1 - 71% - 60% - 3:33
2 - 29% - 40% - 1:27
44 Defense
1 - 58% - 60% - 2:55
2 - 42% - 40% - 2:05
Last Minute Offensive  - 0:00
Last Minute Defensive  - 0:00
Total
Forward - 65:00
Defense - 65:00

% Time on Ice - Demolitions

Lines # - Real PCT - Wanted PCT - Time Play
Normal Forward
1 - 36% - 40% - 19:48
2 - 29% - 30% - 16:11
3 - 22% - 20% - 12:31
4 - 13% - 10% - 7:16
Normal Defense
1 - 33% - 40% - 18:24
2 - 33% - 30% - 18:27
3 - 28% - 20% - 15:28
4 - 6% - 10% - 3:27
PP Forward
1 - 50% - 60% - 0:59
2 - 50% - 40% - 1:00
PP Defense
1 - 52% - 60% - 1:02
2 - 48% - 40% - 0:57
PK Forward
1 - 100% - 60% - 2:15
2 - 0% - 40% - 0:00
PK Defense
1 - 61% - 60% - 1:23
2 - 39% - 40% - 0:52
PK3 Forward
1 - 0% - 60%
2 - 0% - 40%
PK3 Defense
1 - 0% - 60%
2 - 0% - 40%
44 Forward
1 - 72% - 60% - 3:36
2 - 28% - 40% - 1:24
44 Defense
1 - 62% - 60% - 3:06
2 - 38% - 40% - 1:54
Last Minute Offensive  - 0:00
Last Minute Defensive  - 0:00
Total
Forward - 65:00
Defense - 65:00

Play-by-Play

1st period


0:01 of 1st period - Jonathan Huberdeau wins face-off versus Daultan Leveillé in neutral zone.
0:16 of 1st period - Slapshot by Taylor Beck.
0:16 of 1st period - Stopped by Magnus Hellberg with a rebound.
0:32 of 1st period - Snap shot by J.T. Brown.
0:32 of 1st period - Stopped by Magnus Hellberg with a rebound.
0:50 of 1st period - Collin Miller is hit by Phil McRae and loses puck.
0:59 of 1st period - Snap shot by Joshua Leivo.
0:59 of 1st period - Stopped by Magnus Hellberg with a rebound.
2:54 of 1st period - Noel Acciari is hit by Christoph Bertschy and loses puck.
3:20 of 1st period - J.T. Brown is hit by Kevin Hayes and loses puck.
3:33 of 1st period - Snap shot by Linden Vey.
3:33 of 1st period - Stopped by Alex Stalock without a rebound.
3:34 of 1st period - Daultan Leveillé wins face-off versus Miro Aaltonen in Demolitions zone.
3:34 of 1st period - Daultan Leveillé is hit by Josh Morrissey.
3:42 of 1st period - Slapshot by Spencer Machacek.
3:42 of 1st period - Stopped by Magnus Hellberg without a rebound.
3:43 of 1st period - Daultan Leveillé wins face-off versus Noel Acciari in Knights zone.
3:57 of 1st period - Wrist shot by Ryan Strome.
3:57 of 1st period - Shot Blocked by Daultan Leveillé.
4:39 of 1st period - Snap shot by Vince Hinostroza.
4:39 of 1st period - Stopped by Alex Stalock with a rebound.
4:57 of 1st period - Jake Muzzin is hit by Noel Acciari.
5:06 of 1st period - Wrist shot by Spencer Machacek.
5:06 of 1st period - Stopped by Magnus Hellberg with a rebound.
5:43 of 1st period - Tommy Vannelli is hit by Josh Morrissey and loses puck.
5:50 of 1st period - Snap shot by Linden Vey.
5:50 of 1st period - Shot Misses the Net.
6:04 of 1st period - Ludwig Bystrom is hit by Kerby Rychel.
6:08 of 1st period - Kerby Rychel is hit by Matthew Benning and loses puck.
6:35 of 1st period - Phil McRae is hit by Kevin Hayes and loses puck.
6:40 of 1st period - Slapshot by Brendan Gaunce.
6:40 of 1st period - Shot Blocked by Phil McRae.
6:42 of 1st period - Snap shot by Kevin Hayes.
6:42 of 1st period - Stopped by Alex Stalock with a rebound.
6:48 of 1st period - Snap shot by Nikolaj Ehlers.
6:48 of 1st period - Deflect By Brendan Gaunce.
6:48 of 1st period - Shot Misses the Net.
6:48 of 1st period - Puck is out of play.
6:49 of 1st period - Noel Acciari wins face-off versus Andrej Nestrasil in Demolitions zone.
7:14 of 1st period - Michael Matheson is hit by Ryan Pulock and loses puck.
8:24 of 1st period - Wrist shot by Miro Aaltonen.
8:24 of 1st period - Stopped by Alex Stalock without a rebound.
8:25 of 1st period - Daultan Leveillé wins face-off versus Noel Acciari in Demolitions zone.
8:38 of 1st period - Snap shot by Spencer Machacek.
8:38 of 1st period - Stopped by Magnus Hellberg without a rebound.
8:39 of 1st period - Andrej Nestrasil wins face-off versus Jonathan Huberdeau in Knights zone.
8:42 of 1st period - Snap shot by Andrej Nestrasil.
8:42 of 1st period - Shot Misses the Net.
9:21 of 1st period - Icing by Spencer Machacek.
9:22 of 1st period - Dennis Everberg wins face-off versus Nicolas Petan in Demolitions zone.
9:31 of 1st period - Slapshot by Vince Hinostroza.
9:31 of 1st period - Shot Misses the Net.
9:33 of 1st period - Snap shot by Nathan Walker.
9:33 of 1st period - Shot Misses the Net.
9:35 of 1st period - Slapshot by Vince Hinostroza.
9:35 of 1st period - Stopped by Alex Stalock with a rebound.
9:37 of 1st period - Slapshot by Matthew Benning.
9:37 of 1st period - Stopped by Alex Stalock with a rebound.
10:08 of 1st period - Lane MacDermid is hit by Kevin Hayes and loses puck.
10:31 of 1st period - Slapshot by Ryan Pulock.
10:31 of 1st period - Shot Misses the Net.
10:33 of 1st period - Wrist shot by Nikita Tryamkin.
10:33 of 1st period - Shot Misses the Net.
10:37 of 1st period - Wrist shot by Max Friberg.
10:37 of 1st period - Goal by Max Friberg - Knights : 0 - Demolitions : 1.
10:38 of 1st period - Daultan Leveillé wins face-off versus Noel Acciari in neutral zone.
10:45 of 1st period - Jake Muzzin is hit by Josh Morrissey and loses puck.
10:50 of 1st period - Snap shot by Jonathan Huberdeau.
10:50 of 1st period - Stopped by Alex Stalock without a rebound.
10:51 of 1st period - Noel Acciari wins face-off versus Daultan Leveillé in Demolitions zone.
11:25 of 1st period - Slapshot by Jaccob Slavin.
11:25 of 1st period - Deflect By Kevin Hayes.
11:25 of 1st period - Stopped by Alex Stalock without a rebound.
11:26 of 1st period - Daultan Leveillé wins face-off versus Kevin Hayes in Demolitions zone.
12:05 of 1st period - Ryan Strome is hit by J.T. Brown and loses puck.
12:18 of 1st period - Snap shot by Andrej Nestrasil.
12:18 of 1st period - Stopped by Magnus Hellberg without a rebound.
12:19 of 1st period - Nicolas Petan wins face-off versus Joshua Leivo in Knights zone.
12:24 of 1st period - Slapshot by Joshua Leivo.
12:24 of 1st period - Stopped by Magnus Hellberg without a rebound.
12:25 of 1st period - Phil McRae wins face-off versus Noel Acciari in Knights zone.
12:26 of 1st period - Snap shot by Joshua Leivo.
12:26 of 1st period - Stopped by Magnus Hellberg with a rebound.
12:28 of 1st period - Snap shot by Jake Muzzin.
12:28 of 1st period - Stopped by Magnus Hellberg with a rebound.
12:30 of 1st period - Wrist shot by Robert Bortuzzo.
12:30 of 1st period - Shot Blocked by Ryan Strome.
12:32 of 1st period - Wrist shot by Dennis Everberg.
12:32 of 1st period - Shot Misses the Net.
12:34 of 1st period - Snap shot by Dennis Everberg.
12:34 of 1st period - Stopped by Magnus Hellberg with a rebound.
12:36 of 1st period - Slapshot by Robert Bortuzzo.
12:36 of 1st period - Stopped by Magnus Hellberg with a rebound.
12:38 of 1st period - Wrist shot by Dennis Everberg.
12:38 of 1st period - Shot Misses the Net.
12:40 of 1st period - Snap shot by Joshua Leivo.
12:40 of 1st period - Shot Misses the Net.
13:00 of 1st period - Wrist shot by Spencer Machacek.
13:00 of 1st period - Stopped by Magnus Hellberg with a rebound.
13:21 of 1st period - Wrist shot by Miro Aaltonen.
13:21 of 1st period - Shot Blocked by Ryan Pulock.
13:23 of 1st period - Snap shot by Matthew Benning.
13:23 of 1st period - Shot Blocked by Ryan Pulock.
14:04 of 1st period - Wrist shot by Dennis Everberg.
14:04 of 1st period - Stopped by Magnus Hellberg with a rebound.
14:43 of 1st period - Wrist shot by Miro Aaltonen.
14:43 of 1st period - Stopped by Alex Stalock without a rebound.
14:44 of 1st period - Noel Acciari wins face-off versus Daultan Leveillé in Demolitions zone.
14:55 of 1st period - Snap shot by Spencer Machacek.
14:55 of 1st period - Shot Misses the Net.
15:09 of 1st period - Brendan Gaunce is hit by Lane MacDermid and loses puck.
15:14 of 1st period - Snap shot by Andrej Nestrasil.
15:14 of 1st period - Stopped by Magnus Hellberg without a rebound.
15:15 of 1st period - Noel Acciari wins face-off versus Phil McRae in Knights zone.
15:30 of 1st period - Snap shot by Joshua Leivo.
15:30 of 1st period - Shot Misses the Net.
15:48 of 1st period - Snap shot by Andrej Nestrasil.
15:48 of 1st period - Shot Misses the Net.
16:08 of 1st period - Wrist shot by Ryan Strome.
16:08 of 1st period - Shot Hit the Post.
16:18 of 1st period - Snap shot by Noel Acciari.
16:18 of 1st period - Stopped by Alex Stalock without a rebound.
16:19 of 1st period - Daultan Leveillé wins face-off versus Brendan Gaunce in Demolitions zone.
16:40 of 1st period - Minor Penalty to Spencer Machacek for Elbowing.
16:41 of 1st period - Miro Aaltonen wins face-off versus Jared Staal in Demolitions zone.
18:40 of 1st period - Penalty to Spencer Machacek is over, Spencer Machacek is back on ice.
19:45 of 1st period - Vince Hinostroza is hit by Nikita Tryamkin and loses puck.
Goals for this period are 0 for Knights vs 1 for Demolitions.
Shots for this period are 10 for Knights vs 16 for Demolitions.

2nd period


0:01 of 2nd period - Daultan Leveillé wins face-off versus Noel Acciari in neutral zone.
0:05 of 2nd period - Off-side.
0:06 of 2nd period - Daultan Leveillé wins face-off versus Noel Acciari in neutral zone.
0:11 of 2nd period - Slapshot by Spencer Machacek.
0:11 of 2nd period - Shot Misses the Net.
0:13 of 2nd period - Slapshot by Jake Muzzin.
0:13 of 2nd period - Stopped by Magnus Hellberg without a rebound.
0:14 of 2nd period - Noel Acciari wins face-off versus Daultan Leveillé in Knights zone.
0:14 of 2nd period - Noel Acciari is hit by Spencer Machacek.
0:42 of 2nd period - Slapshot by Jaccob Slavin.
0:42 of 2nd period - Deflect By J.T. Brown.
0:42 of 2nd period - Stopped by Alex Stalock without a rebound.
0:43 of 2nd period - Kevin Hayes wins face-off versus Andrej Nestrasil in Demolitions zone.
1:23 of 2nd period - Snap shot by J.T. Brown.
1:23 of 2nd period - Shot Misses the Net.
1:25 of 2nd period - Slapshot by Andrej Nestrasil.
1:25 of 2nd period - Stopped by Magnus Hellberg with a rebound.
1:27 of 2nd period - Wrist shot by J.T. Brown.
1:27 of 2nd period - Stopped by Magnus Hellberg without a rebound.
1:28 of 2nd period - Spencer Machacek wins face-off versus Noel Acciari in Knights zone.
1:37 of 2nd period - Wrist shot by Spencer Machacek.
1:37 of 2nd period - Stopped by Magnus Hellberg without a rebound.
1:38 of 2nd period - Noel Acciari wins face-off versus Daultan Leveillé in Knights zone.
1:55 of 2nd period - Wrist shot by Spencer Machacek.
1:55 of 2nd period - Shot Misses the Net.
2:05 of 2nd period - Snap shot by Noel Acciari.
2:05 of 2nd period - Shot Misses the Net.
2:11 of 2nd period - Snap shot by Ryan Strome.
2:11 of 2nd period - Stopped by Alex Stalock with a rebound.
2:23 of 2nd period - Wrist shot by Taylor Beck.
2:23 of 2nd period - Stopped by Magnus Hellberg with a rebound.
2:25 of 2nd period - Snap shot by Daultan Leveillé.
2:25 of 2nd period - Deflect By Spencer Machacek.
2:25 of 2nd period - Stopped by Magnus Hellberg with a rebound.
2:27 of 2nd period - Snap shot by Spencer Machacek.
2:27 of 2nd period - Goal by Spencer Machacek - Knights : 0 - Demolitions : 2.
2:28 of 2nd period - Brendan Gaunce wins face-off versus Phil McRae in neutral zone.
2:55 of 2nd period - Snap shot by Nathan Walker.
2:55 of 2nd period - Shot Misses the Net.
2:57 of 2nd period - Snap shot by Nathan Walker.
2:57 of 2nd period - Shot Misses the Net.
3:01 of 2nd period - Snap shot by Nathan Walker.
3:01 of 2nd period - Stopped by Alex Stalock with a rebound.
3:03 of 2nd period - Snap shot by Nathan Walker.
3:03 of 2nd period - Stopped by Alex Stalock with a rebound.
4:09 of 2nd period - Wrist shot by Vince Hinostroza.
4:09 of 2nd period - Shot Hit the Post.
4:13 of 2nd period - Slapshot by Jaccob Slavin.
4:13 of 2nd period - Stopped by Alex Stalock with a rebound.
4:54 of 2nd period - Slapshot by J.T. Brown.
4:54 of 2nd period - Shot Misses the Net.
5:20 of 2nd period - Slapshot by Andrej Nestrasil.
5:20 of 2nd period - Shot Misses the Net.
5:28 of 2nd period - Wrist shot by Noel Acciari.
5:28 of 2nd period - Shot Misses the Net.
5:30 of 2nd period - Slapshot by Jonathan Huberdeau.
5:30 of 2nd period - Stopped by Alex Stalock without a rebound.
5:31 of 2nd period - Nikolaj Ehlers wins face-off versus Daultan Leveillé in Demolitions zone.
5:40 of 2nd period - Slapshot by Kevin Hayes.
5:40 of 2nd period - Stopped by Alex Stalock with a rebound.
5:56 of 2nd period - Joshua Leivo is hit by Jordan Martinook and loses puck.
6:05 of 2nd period - Snap shot by Dennis Everberg.
6:05 of 2nd period - Shot Hit the Post.
6:48 of 2nd period - Kevin Hayes is hit by Spencer Machacek and loses puck.
7:01 of 2nd period - Jake Muzzin is hit by Michael Matheson and loses puck.
7:13 of 2nd period - Jordan Martinook is hit by Spencer Machacek and loses puck.
7:22 of 2nd period - Spencer Machacek is hit by Jordan Martinook and loses puck.
7:43 of 2nd period - Snap shot by Spencer Machacek.
7:43 of 2nd period - Deflect By Daultan Leveillé.
7:43 of 2nd period - Shot Misses the Net.
7:43 of 2nd period - Puck is out of play.
7:44 of 2nd period - Noel Acciari wins face-off versus Phil McRae in Knights zone.
7:51 of 2nd period - Phil McRae is hit by Jonathan Huberdeau and loses puck.
7:56 of 2nd period - Snap shot by Jonathan Huberdeau.
7:56 of 2nd period - Stopped by Alex Stalock with a rebound.
8:10 of 2nd period - Snap shot by Brendan Gaunce.
8:10 of 2nd period - Deflect By Jake Muzzin.
8:10 of 2nd period - Shot Misses the Net.
8:10 of 2nd period - Puck is out of play.
8:11 of 2nd period - Christoph Bertschy wins face-off versus Brendan Gaunce in Demolitions zone.
9:02 of 2nd period - Max Friberg is hit by Linden Vey and loses puck.
9:27 of 2nd period - Dennis Everberg is hit by Nathan Walker and loses puck.
9:34 of 2nd period - Ludwig Bystrom is hit by Phil McRae and loses puck.
11:32 of 2nd period - Michael Prapavessis is hit by Miro Aaltonen and loses puck.
11:59 of 2nd period - Slapshot by Lane MacDermid.
11:59 of 2nd period - Shot Misses the Net.
12:01 of 2nd period - Snap shot by Andrej Nestrasil.
12:01 of 2nd period - Stopped by Magnus Hellberg with a rebound.
12:03 of 2nd period - Snap shot by J.T. Brown.
12:03 of 2nd period - Shot Blocked by Matthew Benning.
12:05 of 2nd period - Wrist shot by J.T. Brown.
12:05 of 2nd period - Stopped by Magnus Hellberg without a rebound.
12:06 of 2nd period - Noel Acciari wins face-off versus Daultan Leveillé in Knights zone.
12:06 of 2nd period - Noel Acciari is hit by Daultan Leveillé.
12:14 of 2nd period - Snap shot by Ryan Strome.
12:14 of 2nd period - Shot Misses the Net.
12:16 of 2nd period - Slapshot by Collin Miller.
12:16 of 2nd period - Shot Misses the Net.
12:18 of 2nd period - Slapshot by Collin Miller.
12:18 of 2nd period - Shot Blocked by Nikita Tryamkin.
12:20 of 2nd period - Snap shot by Ryan Strome.
12:20 of 2nd period - Shot Misses the Net.
12:32 of 2nd period - Kevin Hayes is hit by Phil McRae and loses puck.
13:00 of 2nd period - Wrist shot by Miro Aaltonen.
13:00 of 2nd period - Deflect By Jordan Martinook.
13:00 of 2nd period - Goal by Jordan Martinook - Knights : 1 - Demolitions : 2.
13:01 of 2nd period - Noel Acciari wins face-off versus Taylor Beck in neutral zone.
13:08 of 2nd period - Michael Matheson is hit by Daultan Leveillé and loses puck.
13:35 of 2nd period - Michael Matheson is hit by Andrej Nestrasil and loses puck.
13:50 of 2nd period - Backhand shot by Dennis Everberg.
13:50 of 2nd period - Goal by Dennis Everberg - Knights : 1 - Demolitions : 3.
13:51 of 2nd period - Daultan Leveillé wins face-off versus Noel Acciari in neutral zone.
14:16 of 2nd period - Kevin Hayes is hit by Nikita Tryamkin and loses puck.
14:39 of 2nd period - Joshua Leivo is hit by Miro Aaltonen and loses puck.
14:46 of 2nd period - Slapshot by Jaccob Slavin.
14:46 of 2nd period - Stopped by Alex Stalock with a rebound.
14:48 of 2nd period - Snap shot by Jordan Martinook.
14:48 of 2nd period - Shot Blocked by Dennis Everberg.
15:00 of 2nd period - Slapshot by Robert Bortuzzo.
15:00 of 2nd period - Stopped by Magnus Hellberg with a rebound.
15:10 of 2nd period - Snap shot by Max Friberg.
15:10 of 2nd period - Shot Blocked by Josh Morrissey.
15:26 of 2nd period - Wrist shot by Taylor Beck.
15:26 of 2nd period - Stopped by Magnus Hellberg without a rebound.
15:27 of 2nd period - Daultan Leveillé wins face-off versus Noel Acciari in Knights zone.
15:36 of 2nd period - Wrist shot by Spencer Machacek.
15:36 of 2nd period - Deflect By Daultan Leveillé.
15:36 of 2nd period - Stopped by Magnus Hellberg with a rebound.
15:38 of 2nd period - Slapshot by Ryan Pulock.
15:38 of 2nd period - Shot Blocked by Jonathan Huberdeau.
16:25 of 2nd period - Slapshot by Taylor Beck.
16:25 of 2nd period - Shot Blocked by Michael Matheson.
16:27 of 2nd period - Wrist shot by Taylor Beck.
16:27 of 2nd period - Stopped by Magnus Hellberg without a rebound.
16:28 of 2nd period - Andrej Nestrasil wins face-off versus Brendan Gaunce in Knights zone.
16:53 of 2nd period - Snap shot by Nathan Walker.
16:53 of 2nd period - Shot Misses the Net.
16:55 of 2nd period - Slapshot by Collin Miller.
16:55 of 2nd period - Stopped by Alex Stalock with a rebound.
16:57 of 2nd period - Slapshot by Collin Miller.
16:57 of 2nd period - Shot Blocked by J.T. Brown.
16:59 of 2nd period - Snap shot by Collin Miller.
16:59 of 2nd period - Stopped by Alex Stalock with a rebound.
17:01 of 2nd period - Slapshot by Collin Miller.
17:01 of 2nd period - Stopped by Alex Stalock without a rebound.
17:02 of 2nd period - Phil McRae wins face-off versus Brendan Gaunce in Demolitions zone.
17:27 of 2nd period - Christoph Bertschy is hit by Jaccob Slavin and loses puck.
17:53 of 2nd period - Slapshot by Taylor Beck.
17:53 of 2nd period - Shot Misses the Net.
18:51 of 2nd period - Snap shot by Miro Aaltonen.
18:51 of 2nd period - Stopped by Alex Stalock without a rebound.
18:52 of 2nd period - Jonathan Huberdeau wins face-off versus Daultan Leveillé in Demolitions zone.
19:05 of 2nd period - Icing by Michael Matheson.
19:06 of 2nd period - Daultan Leveillé wins face-off versus Noel Acciari in Knights zone.
19:55 of 2nd period - Miro Aaltonen is hit by Ryan Pulock and loses puck.
Goals for this period are 1 for Knights vs 2 for Demolitions.
Shots for this period are 14 for Knights vs 14 for Demolitions.

3rd period


0:01 of 3rd period - Daultan Leveillé wins face-off versus Noel Acciari in neutral zone.
0:04 of 3rd period - Noel Acciari is hit by Jake Muzzin.
0:14 of 3rd period - Snap shot by Jonathan Huberdeau.
0:14 of 3rd period - Shot Misses the Net.
0:16 of 3rd period - Slapshot by Jaccob Slavin.
0:16 of 3rd period - Stopped by Alex Stalock with a rebound.
0:51 of 3rd period - Snap shot by Miro Aaltonen.
0:51 of 3rd period - Stopped by Alex Stalock without a rebound.
0:52 of 3rd period - Miro Aaltonen wins face-off versus Daultan Leveillé in Demolitions zone.
0:57 of 3rd period - Snap shot by Miro Aaltonen.
0:57 of 3rd period - Shot Misses the Net.
1:44 of 3rd period - Wrist shot by Brendan Gaunce.
1:44 of 3rd period - Stopped by Alex Stalock without a rebound.
1:45 of 3rd period - Phil McRae wins face-off versus Brendan Gaunce in Demolitions zone.
1:52 of 3rd period - Slapshot by Brendan Gaunce.
1:52 of 3rd period - Stopped by Alex Stalock with a rebound.
1:54 of 3rd period - Wrist shot by Kevin Hayes.
1:54 of 3rd period - Shot Misses the Net.
1:56 of 3rd period - Slapshot by Kevin Hayes.
1:56 of 3rd period - Stopped by Alex Stalock without a rebound.
1:57 of 3rd period - Daultan Leveillé wins face-off versus Ryan Strome in Demolitions zone.
2:46 of 3rd period - Phil McRae is hit by Ludwig Bystrom and loses puck.
3:39 of 3rd period - Slapshot by Jonathan Huberdeau.
3:39 of 3rd period - Stopped by Alex Stalock without a rebound.
3:40 of 3rd period - Brendan Gaunce wins face-off versus Andrej Nestrasil in Demolitions zone.
3:40 of 3rd period - Brendan Gaunce is hit by Andrej Nestrasil.
3:44 of 3rd period - Snap shot by Kevin Hayes.
3:44 of 3rd period - Deflect By Nikolaj Ehlers.
3:44 of 3rd period - Goal by Nikolaj Ehlers - Knights : 2 - Demolitions : 3.
3:45 of 3rd period - Noel Acciari wins face-off versus Daultan Leveillé in neutral zone.
3:54 of 3rd period - Snap shot by Ryan Strome.
3:54 of 3rd period - Shot Misses the Net.
3:56 of 3rd period - Snap shot by Michael Matheson.
3:56 of 3rd period - Stopped by Alex Stalock with a rebound.
3:58 of 3rd period - Slapshot by Jaccob Slavin.
3:58 of 3rd period - Stopped by Alex Stalock with a rebound.
4:06 of 3rd period - Minor Penalty to Spencer Machacek for Diving.
4:07 of 3rd period - Jonathan Huberdeau wins face-off versus Jared Staal in Demolitions zone.
4:22 of 3rd period - Wrist shot by Noel Acciari.
4:22 of 3rd period - Goal by Noel Acciari - Knights : 3 - Demolitions : 3.
4:23 of 3rd period - Daultan Leveillé wins face-off versus Noel Acciari in neutral zone.
4:26 of 3rd period - Snap shot by Jake Muzzin.
4:26 of 3rd period - Stopped by Magnus Hellberg without a rebound.
4:27 of 3rd period - Daultan Leveillé wins face-off versus Noel Acciari in Knights zone.
4:38 of 3rd period - Wrist shot by Spencer Machacek.
4:38 of 3rd period - Shot Misses the Net.
4:40 of 3rd period - Slapshot by Robert Bortuzzo.
4:40 of 3rd period - Stopped by Magnus Hellberg with a rebound.
5:22 of 3rd period - Jordan Martinook is hit by Robert Bortuzzo and loses puck.
6:19 of 3rd period - Snap shot by Jaccob Slavin.
6:19 of 3rd period - Shot Blocked by Ryan Pulock.
6:33 of 3rd period - Wrist shot by Vince Hinostroza.
6:33 of 3rd period - Stopped by Alex Stalock with a rebound.
6:35 of 3rd period - Wrist shot by Nicolas Petan.
6:35 of 3rd period - Stopped by Alex Stalock with a rebound.
6:51 of 3rd period - Snap shot by Nicolas Petan.
6:51 of 3rd period - Deflect By Nathan Walker.
6:51 of 3rd period - Shot Blocked by Nikita Tryamkin.
6:51 of 3rd period - Puck is out of play.
6:52 of 3rd period - Noel Acciari wins face-off versus Lane MacDermid in Demolitions zone.
7:17 of 3rd period - Phil McRae is hit by Collin Miller and loses puck.
8:18 of 3rd period - Nikolaj Ehlers is hit by Jake Muzzin and loses puck.
8:43 of 3rd period - Wrist shot by Jonathan Huberdeau.
8:43 of 3rd period - Deflect By Noel Acciari.
8:43 of 3rd period - Stopped by Alex Stalock with a rebound.
8:45 of 3rd period - Wrist shot by Ryan Strome.
8:45 of 3rd period - Stopped by Alex Stalock without a rebound.
8:46 of 3rd period - Andrej Nestrasil wins face-off versus Noel Acciari in Demolitions zone.
9:18 of 3rd period - Nikita Tryamkin is hit by Matthew Benning and loses puck.
9:35 of 3rd period - Ryan Pulock is hit by Ludwig Bystrom and loses puck.
10:14 of 3rd period - Wrist shot by Christoph Bertschy.
10:14 of 3rd period - Shot Blocked by Josh Morrissey.
10:26 of 3rd period - Nikolaj Ehlers is hit by Taylor Beck and loses puck.
10:56 of 3rd period - Off-side.
10:57 of 3rd period - Noel Acciari wins face-off versus Daultan Leveillé in neutral zone.
11:06 of 3rd period - Josh Morrissey is hit by Jake Muzzin and loses puck.
11:14 of 3rd period - Icing by Jonathan Huberdeau.
11:15 of 3rd period - Andrej Nestrasil wins face-off versus Noel Acciari in Knights zone.
12:07 of 3rd period - Off-side.
12:08 of 3rd period - Daultan Leveillé wins face-off versus Brendan Gaunce in neutral zone.
12:52 of 3rd period - Wrist shot by Joshua Leivo.
12:52 of 3rd period - Shot Misses the Net.
12:54 of 3rd period - Slapshot by Robert Bortuzzo.
12:54 of 3rd period - Stopped by Magnus Hellberg with a rebound.
12:56 of 3rd period - Slapshot by Robert Bortuzzo.
12:56 of 3rd period - Stopped by Magnus Hellberg with a rebound.
12:58 of 3rd period - Snap shot by Jake Muzzin.
12:58 of 3rd period - Stopped by Magnus Hellberg without a rebound.
12:59 of 3rd period - Noel Acciari wins face-off versus Taylor Beck in Knights zone.
13:40 of 3rd period - Slapshot by Lane MacDermid.
13:40 of 3rd period - Shot Blocked by Jaccob Slavin.
14:11 of 3rd period - Icing by Phil McRae.
14:12 of 3rd period - Nicolas Petan wins face-off versus Phil McRae in Demolitions zone.
14:15 of 3rd period - Slapshot by Jonathan Huberdeau.
14:15 of 3rd period - Shot Misses the Net.
15:02 of 3rd period - Minor Penalty to Brendan Gaunce for Slashing.
15:03 of 3rd period - Noel Acciari wins face-off versus Taylor Beck in Knights zone.
15:08 of 3rd period - Slapshot by Jordan Martinook.
15:08 of 3rd period - Shot Misses the Net.
16:16 of 3rd period - Snap shot by Kevin Hayes.
16:16 of 3rd period - Shot Blocked by Robert Bortuzzo.
16:50 of 3rd period - Jaccob Slavin is hit by Lane MacDermid and loses puck.
17:02 of 3rd period - Penalty to Brendan Gaunce is over, Brendan Gaunce is back on ice.
17:18 of 3rd period - Wrist shot by Dennis Everberg.
17:18 of 3rd period - Shot Blocked by Collin Miller.
17:32 of 3rd period - Miro Aaltonen is hit by Jared Staal and loses puck.
17:39 of 3rd period - Wrist shot by Phil Di Giuseppe.
17:39 of 3rd period - Shot Misses the Net.
17:41 of 3rd period - Wrist shot by Jared Staal.
17:41 of 3rd period - Stopped by Magnus Hellberg with a rebound.
17:43 of 3rd period - Snap shot by Jared Staal.
17:43 of 3rd period - Shot Misses the Net.
17:59 of 3rd period - Tommy Vannelli is hit by Kevin Hayes.
18:05 of 3rd period - Kevin Hayes is hit by Max Friberg and loses puck.
18:21 of 3rd period - Icing by Nicolas Petan.
18:22 of 3rd period - Daultan Leveillé wins face-off versus Linden Vey in Knights zone.
18:41 of 3rd period - Slapshot by Robert Bortuzzo.
18:41 of 3rd period - Stopped by Magnus Hellberg with a rebound.
18:59 of 3rd period - Robert Bortuzzo is hit by Ryan Strome and loses puck.
Goals for this period are 2 for Knights vs 0 for Demolitions.
Shots for this period are 14 for Knights vs 7 for Demolitions.

Overtime #1


0:01 of 1st overtime period - Noel Acciari wins face-off versus Spencer Machacek in neutral zone.
0:44 of 1st overtime period - Slapshot by Jaccob Slavin.
0:44 of 1st overtime period - Stopped by Alex Stalock without a rebound.
0:45 of 1st overtime period - J.T. Brown wins face-off versus Ryan Strome in Demolitions zone.
0:50 of 1st overtime period - Michael Matheson is hit by Jake Muzzin and loses puck.
0:54 of 1st overtime period - Icing by Ryan Strome.
0:55 of 1st overtime period - Spencer Machacek wins face-off versus Ryan Strome in Knights zone.
1:06 of 1st overtime period - Slapshot by Taylor Beck.
1:06 of 1st overtime period - Shot Misses the Net.
1:38 of 1st overtime period - Wrist shot by Kevin Hayes.
1:38 of 1st overtime period - Stopped by Alex Stalock with a rebound.
1:40 of 1st overtime period - Slapshot by Collin Miller.
1:40 of 1st overtime period - Stopped by Alex Stalock without a rebound.
1:41 of 1st overtime period - J.T. Brown wins face-off versus Noel Acciari in Demolitions zone.
1:57 of 1st overtime period - Slapshot by Jaccob Slavin.
1:57 of 1st overtime period - Stopped by Alex Stalock without a rebound.
1:58 of 1st overtime period - Spencer Machacek wins face-off versus Noel Acciari in Demolitions zone.
2:41 of 1st overtime period - Wrist shot by Phil Di Giuseppe.
2:41 of 1st overtime period - Stopped by Magnus Hellberg without a rebound.
2:42 of 1st overtime period - Spencer Machacek wins face-off versus Noel Acciari in Knights zone.
3:07 of 1st overtime period - Jaccob Slavin is hit by Daultan Leveillé and loses puck.
3:16 of 1st overtime period - Ryan Pulock is hit by Ryan Strome and loses puck.
4:05 of 1st overtime period - Robert Bortuzzo is hit by Josh Morrissey.
4:57 of 1st overtime period - Snap shot by Daultan Leveillé.
4:57 of 1st overtime period - Stopped by Magnus Hellberg with a rebound.
4:59 of 1st overtime period - Slapshot by Michael Prapavessis.
4:59 of 1st overtime period - Shot Blocked by Jaccob Slavin.
Goals for this period are 0 for Knights vs 0 for Demolitions.
Shots for this period are 4 for Knights vs 2 for Demolitions.

ShootOut


5:00 of 1st overtime period - Round #1.
5:00 of 1st overtime period - Knights, Nathan Walker.
5:00 of 1st overtime period - Wrist shot by Nathan Walker.
5:00 of 1st overtime period - Goal by Nathan Walker.
5:00 of 1st overtime period - Demolitions, Spencer Machacek.
5:00 of 1st overtime period - Deke by Spencer Machacek.
5:00 of 1st overtime period - Goal by Spencer Machacek.
5:00 of 1st overtime period - Round #2.
5:00 of 1st overtime period - Knights, Ryan Strome.
5:00 of 1st overtime period - Snap shot by Ryan Strome.
5:00 of 1st overtime period - Shot Misses the Net.
5:00 of 1st overtime period - Demolitions, Taylor Beck.
5:00 of 1st overtime period - Snap shot by Taylor Beck.
5:00 of 1st overtime period - Goal by Taylor Beck.
5:00 of 1st overtime period - Round #3.
5:00 of 1st overtime period - Knights, Miro Aaltonen.
5:00 of 1st overtime period - Deke by Miro Aaltonen.
5:00 of 1st overtime period - Goal by Miro Aaltonen.
5:00 of 1st overtime period - Demolitions, J.T. Brown.
5:00 of 1st overtime period - Deke by J.T. Brown.
5:00 of 1st overtime period - Goal by J.T. Brown.